 Dungeon Crawl Stone Soup version 0.32-a0-652-g5f7579b (webtiles) character file.

Game seed: 3594675931766050689

2401 Dorkslayer the Grappler (level 9, -1/61 HPs)
             Began as an Octopode Fighter on Mar 8, 2024.
             Slain by a killer bee (6 damage)
             ... on level 7 of the Dungeon.
             The game lasted 00:11:20 (5965 turns).

Dorkslayer the Grappler (Octopode Fighter)          Turns: 5965, Time: 00:11:20

Health: -1/61      AC:  1    Str: 26    XL:     9   Next: 46%
Magic:  0/9        EV: 14    Int: 12    God:
Gold:   303        SH:  6    Dex: 11    Spells: 8/8 levels left

rFire   + . .        v - +12 dagger "Quulag" {heavy, ^Contam rPois Will+++ Int+2}
rCold   . . .        a - +2 buckler
rNeg    . . .        (helmet currently unavailable)
rPois   +            l - amulet of guardian spirit
rElec   .            p - ring of protection from fire
rCorr   .            s - +6 ring of strength
SInv    .            (no ring)
Will    +++..        (no ring)
Stlth   +++          (no ring)
HPRegen 0.30/turn    (no ring)
MPRegen 0.11/turn    (no ring)
                     (no ring)

%: guardian spirit
@: lethally poisoned (-1 -> -3), beast-form
A: beast (slay +1), almost no armour, amphibious, 8 rings, camouflage 1,
gelatinous body 1, (nimble swimmer 1), tentacles
a: Begin Untransformation


You were on level 7 of the Dungeon.
You were a hulking beast.
You visited 1 branch of the dungeon, and saw 7 of its levels.

You collected 467 gold pieces.
You spent 164 gold pieces at shops.

Inventory:

Hand Weapons
 b - a +0 trident
 f - a +0 war axe
 v - the +12 dagger "Quulag" (weapon) {heavy, ^Contam rPois Will+++ Int+2}
   (You found it on level 6 of the Dungeon)

   Int+2:     It affects your intelligence (+2).
   rPois:     It protects you from poison.
   Will+++:   It greatly increases your willpower.
   ^Contam:   It causes magical contamination when unequipped.
Missiles
 d - 3 boomerangs (quivered)
 o - a throwing net
Armour
 a - a +2 buckler (worn)
Jewellery
 l - an amulet of guardian spirit (around mantle)
 p - a ring of protection from fire (left tentacle)
 s - a +6 ring of strength (right tentacle)
Talismans
 k - a beast talisman (active)
Wands
 n - a wand of charming (4)
 w - a wand of polymorph (8)
Scrolls
 c - 2 scrolls of teleportation
 e - 3 scrolls of enchant armour
 q - a scroll of immolation {unknown}
 t - a scroll of blinking
 u - a scroll of revelation
Potions
 g - 2 potions of resistance
 h - a potion of enlightenment {unknown}
 i - a potion of mutation {unknown}
 j - 2 potions of brilliance
 m - 2 potions of might
 r - a potion of curing


   Skills:
 * Level 5.0 Fighting
 + Level 0.1 Short Blades
 * Level 5.2 Dodging
 + Level 4.2 Stealth
 + Level 4.2 Shields
 * Level 8.7 Unarmed Combat
 * Level 3.3 Evocations
 * Level 3.3 Shapeshifting


You had 8 spell levels left.
You didn't know any spells.
Your spell library contained the following spells:

 Spells                   Type           Power      Damage    Failure   Level
 Sandblast                Erth           0%         2d4       36%         1
 Slow                     Hex            0%         N/A       36%         1
 Confusing Touch          Hex            0%         N/A       75%         3
 Passwall                 Erth           0%         N/A       75%         3
 Sigil of Binding         Hex            0%         N/A       75%         3
 Stone Arrow              Conj/Erth      0%         3d7       75%         3
 Vampiric Draining        Necr           0%         2d6       75%         3
 Brom's Barrelling Bould  Conj/Erth      0%         2d3       98%         4


Dungeon Overview and Level Annotations

Branches:
Dungeon (7/15)
 Temple: D:4-7

Altars:
Elyvilon
Sif Muna
Yredelemnul

Shops:
D:6 ?


Innate Abilities, Weirdness & Mutations

You are a hulking beast.
Your limbs bulge with bestial killing power. (Slay +1)
You cannot wear most types of armour.
You are amphibious.
You can wear up to eight rings at the same time.
Your skin changes colour to match your surroundings (Stealth+).
Your rubbery body absorbs attacks. (AC +1, EV +1)
((You are camouflaged when in or above water. (Stealth+)))
You have tentacles for arms and can constrict up to eight enemies at once.


Message History

* * * LOW HITPOINT WARNING * * *
The killer bee barely misses you. You block the killer bee's attack.
You puncture the killer bee! Your grab misses the killer bee.
The killer bee is severely wounded.
You block the killer bee's attack. The killer bee barely misses you. x2
You hit the killer bee.
You kill the killer bee!
Things that are here:
a killer bee corpse; a killer bee corpse; a killer bee corpse
Things that are here:
a killer bee corpse; a killer bee corpse; a killer bee corpse A killer bee comes into view.
Aiming: Charm
Press: ? - help, Shift-Dir - straight line, f - killer bee
Aim: a killer bee (wandering, hasn't noticed you, chance to affect: 66%)
The killer bee buzzes angrily.
The killer bee is charmed.
You start resting.
The killer bee is no longer charmed.
You block the killer bee's attack. The killer bee stings you.
You are poisoned.
The killer bee poisons you!
You barely miss the killer bee. Your grab misses the killer bee.
Your squeeze misses the killer bee.
You feel very sick. The killer bee stings you.
The killer bee barely misses you. The killer bee stings you!
The killer bee closely misses you.
You hit the killer bee. You grab the killer bee.
The killer bee is lightly wounded.
You constrict the killer bee.
You feel sick. You block the killer bee's attack. The killer bee stings you.
* * * LOW HITPOINT WARNING * * *
The killer bee stings you.
* * * LOW HITPOINT WARNING * * *
You hit the killer bee.
The killer bee is heavily wounded.
You constrict the killer bee.
You feel sick. The killer bee stings you!
* * * LOW HITPOINT WARNING * * *
The killer bee stings you!
You die...

#.#########
#...yh))..#
#.#######.#
#.# #.# #.#
#.# #.# #.#
#.#


You could see a killer bee.

Vanquished Creatures
  The ghost of Tanach the Cleaver, a novice MDCA of Ignis (D:5)
  A steam dragon (D:6)
  Eustachio (D:6)
  Edmund (D:6)
  An ice beast (D:5)
  2 ogres
  2 centaurs
  2 phantoms
  A kobold brigand (D:6)
  A bullfrog (D:5)
  2 scorpions
  4 killer bees (D:7)
  An electric eel (D:6)
  2 bombardier beetles
  Crazy Yiuf (D:6)
  3 hounds
  A jelly (D:6)
  2 gnoll boudas (D:7)
  An orc priest (D:2)
  2 iguanas
  4 orc wizards
  10 gnolls
  3 adders
  A shadow imp (D:5)
  2 ribbon worms (D:2)
  3 dart slugs
  11 orcs
  9 ball pythons
  6 endoplasms
  2 giant cockroaches
  9 goblins
  8 hobgoblins
  4 quokkas
  3 bats
  4 frilled lizards
  12 kobolds
  3 rats
126 creatures vanquished.

Notes
Turn   | Place    | Note
-------+----------+-------------------------------------------
     0 | D:1      | Dorkslayer the Octopode Fighter began the quest for the
                  | Orb.
     0 | D:1      | Reached XP level 1. HP: 16/16 MP: 1/1
   178 | D:1      | Reached XP level 2. HP: 21/21 MP: 2/2
   686 | D:2      | Reached XP level 3. HP: 11/26 MP: 3/3
   870 | D:2      | Reached XP level 4. HP: 31/31 MP: 4/4
  1091 | D:2      | Reached skill level 1 in Stealth
  1091 | D:2      | Reached skill level 3 in Unarmed Combat
  1930 | D:3      | Reached XP level 5. HP: 36/36 MP: 5/5
  2208 | D:3      | Found a faded altar of an unknown god.
  2212 | D:3      | Found a shimmering blue altar of Sif Muna.
  2422 | D:4      | Noticed an ogre
  2438 | D:4      | Killed an ogre
  2439 | D:4      | Reached skill level 4 in Unarmed Combat
  2439 | D:4      | Reached XP level 6. HP: 27/43 MP: 3/6
  2768 | D:4      | Reached skill level 5 in Unarmed Combat
  3505 | D:5      | Entered Level 5 of the Dungeon
  3579 | D:5      | Reached XP level 7. HP: 47/47 MP: 7/7
  3695 | D:5      | Found a basalt altar of Yredelemnul.
  3718 | D:5      | Found a large runed translucent door.
  3718 | D:5      | Found a large runed translucent door.
  3722 | D:5      | Noticed Tanach's ghost (novice MDCA)
  3961 | D:5      | Reached skill level 6 in Unarmed Combat
  3961 | D:5      | Reached skill level 1 in Evocations
  4048 | D:5      | Reached skill level 1 in Shapeshifting
  4084 | D:5      | Found a white marble altar of Elyvilon.
  4099 | D:5      | Reached XP level 8. HP: 51/54 MP: 6/8
  4398 | D:5      | Killed Tanach's ghost
  4399 | D:5      | Reached skill level 7 in Unarmed Combat
  4786 | D:6      | Noticed Edmund
  4794 | D:6      | Killed Edmund
  4795 | D:6      | Reached skill level 5 in Dodging
  4927 | D:6      | Reached XP level 9. HP: 60/60 MP: 9/9
  5128 | D:6      | Reached skill level 8 in Unarmed Combat
  5292 | D:6      | Noticed Eustachio
  5310 | D:6      | Killed Eustachio
  5340 | D:6      | Found Mufroar's Magic Scroll Boutique.
  5345 | D:6      | Bought a scroll of blinking for 82 gold pieces
  5345 | D:6      | Bought a scroll of revelation for 82 gold pieces
  5404 | D:6      | Identified the +12 dagger "Quulag" {heavy, ^Contam rPois
                  | Will+++ Int+2}
  5444 | D:6      | Found a runed translucent door.
  5445 | D:6      | Noticed Crazy Yiuf
  5452 | D:6      | Killed Crazy Yiuf
  5782 | D:7      | Reached skill level 5 in Fighting
  5965 | D:7      | Slain by a killer bee

Illustrated notes

Levels and vault maps discovered:
D:1:      spicycebolla_arrival_ecumenical, layout_loops_ring
D:2:      layout_basic
D:3:      layout_loops_ring, nicolae_overflow_ecumenical_swirl, glass_columns_b
D:4:      layout_loops_corners, serial_glass, glass_columns_c, glass_columns_a
D:5:      wander_river, layout_loops_ring, yredelemnul_altar_generic,
          amcnicky_altar_gilded, ebering_ghost_disaster_area
D:6:      cheibrodos_helix_gallery, layout_basic, serial_shops,
          nicolae_shop_rolling_square, kennysheep_flooded_box,
          chequers_mini_garden, uniq_crazy_yiuf_cottage, uniq_eustachio,
          uniq_edmund
D:7:      layout_loops_ring, tso_oasis_becter, minmay_temple_entry_antechambers,
          nicolae_shop_sticking_my_neck_out

Skill      XL: |  1  2  3  4  5  6  7  8  9 |
---------------+----------------------------+-----
Stealth        | 1 2 3 4 |  4.2
Unarmed Combat | 3 4 5 6 7 8 |  8.7
Dodging        | 4 5 |  5.2
Fighting       | 4 5 |  5.0
Evocations     | 1 2 3 |  3.3
Shapeshifting  | 1 2 3 |  3.3
Shields        | 4 |  4.2
Short Blades   | |  0.1

Action                     |  1- 3 |  4- 6 |  7- 9 || total
---------------------------+-------+-------+-------++-------
  Melee: Unarmed           |    39 |   105 |   122 ||   266
         Constrict         |    14 |    20 |    30 ||    64
         Tentacles         |     7 |    28 |    33 ||    68
         Punch             |       |     4 |    10 ||    14
         Dagger            |       |       |    36 ||    36
  Throw: Boomerang         |       |       |     1 ||     1
  Evoke: Wand              |       |       |     2 ||     2
    Use: Scroll            |     4 |     7 |     2 ||    13
         Potion            |     2 |     3 |     3 ||     8
   Stab: Sleeping          |     2 |     5 |     5 ||    12
 Armour: Skin              |    21 |    42 |    86 ||   149
  Dodge: Dodged            |    15 |    35 |    69 ||   119
  Block: Buckler           |    11 |    16 |    47 ||    74
   Form: Beast             |       |       |     1 ||     1

Table legend: (Time is in decaauts)
 A = Elapsed time spent in this place.
 B = Non-inter-level travel time spent in this place.
 C = Inter-level travel time spent in this place.
 D = Time resting spent in this place.
 E = Time spent auto-exploring this place.
 F = Levels seen in this place.
 G = Mean time per level.
                   A        B        C        D        E       F      G
               +--------+--------+--------+--------+--------+-----+--------+
         Total |   5936 |   5936 |      0 |     32 |   3974 |   7 |  848.0 |
       Dungeon |   5936 |   5936 |      0 |     32 |   3974 |   7 |  848.0 |
               +--------+--------+--------+--------+--------+-----+--------+

Top non-repeatable levels by time:
     D:6: 1212 daAuts
     D:2: 1119 daAuts
     D:4: 1067 daAuts
     D:5: 1016 daAuts
     D:3: 675 daAuts
     D:1: 622 daAuts
     D:7: 222 daAuts
